 Dungeon Crawl Stone Soup version 0.17-a0-1746-g6987275 (webtiles) character file.

2415 Grim the Basher (level 9, -15/101 HPs)
             Began as an Ogre Fighter on Sept 1, 2015.
             Was a Follower of the Shining One.
             Killed from afar by Erica (22 damage)
             ... with an orb of energy
             ... on level 8 of the Dungeon.
             The game lasted 00:41:48 (7928 turns).

Grim the Basher (Ogre Fighter)                      Turns: 7928, Time: 00:41:51

Health: -15/101    AC:  7    Str: 23    XL:     9   Next: 47%
Magic:  9/9        EV:  8    Int:  7    God:    the Shining One [*.....]
Gold:   478        SH:  9    Dex: 12    Spells: 0 memorised, 8 levels left

rFire  . . .     SeeInvis .     a - +0 flail
rCold  . . .     Clarity  .     b - +1 robe
rNeg   . . .     SustAt   .     c - +0 shield
rPois  .         Gourm    .     (helmet restricted)
rElec  .         Spirit   .     d - +2 cloak
rCorr  .         Warding  .     (gloves unavailable)
rMut   .         Stasis   .     (boots unavailable)
MR     .....                    (no amulet)
Stlth  +.........               (no ring)
                                (no ring)

@: lethally poisoned (-15 -> -26), glowing, not resistant to hostile
enchantments, very unstealthy
A: unfitting armour, tough skin 1
a: Renounce Religion


You were on level 8 of the Dungeon.
You worshipped the Shining One.
The Shining One was aware of your devotion.
You were not hungry.

You visited 2 branches of the dungeon, and saw 9 of its levels.

You collected 478 gold pieces.

Inventory:

Hand weapons
 a - a +0 flail (weapon)
 B - a +0 giant spiked club
Missiles
 j - 12 tomahawks
 A - an exploding tomahawk (quivered)
Armour
 b - a +1 robe (worn)
 c - a +0 shield (worn)
 d - a +2 cloak (worn)
Jewellery
 i - an uncursed amulet of regeneration
Magical devices
 f - a wand of lightning (0)
 l - a wand of slowing (38)
 n - a wand of cold (8)
 r - a wand of confusion (13)
 u - a wand of enslavement (14)
 y - a wand of hasting (0)
 z - a wand of slowing (39)
 D - a wand of magic darts (40)
 G - a wand of polymorph (12)
 K - a wand of magic darts (7)
Scrolls
 e - 2 scrolls of remove curse
 m - a scroll of magic mapping {unknown}
 t - 3 scrolls of amnesia {unknown}
 C - a scroll of blinking {unknown}
 F - a scroll of immolation {unknown}
 J - a scroll of enchant weapon {unknown}
Potions
 h - a potion of ambrosia
 v - 2 potions of magic
 H - a potion of curing
Books
 E - a book of Envenomations

   Spells                             Type                      Level
   a - Spider Form                    Transmutation/Poison         3
   b - Alistair's Intoxication        Transmutation/Poison         4
   c - Olgreb's Toxic Radiance        Poison                       4
   d - Poisonous Cloud                Conjuration/Poison/Air       6
   The Shining One disapproves of the use of such an item.
Comestibles
 g - 6 chunks of flesh
 k - 2 beef jerkies
 o - a meat ration
 p - 28 fruits
 x - 2 bread rations


   Skills:
 + Level 10.1 Fighting
 * Level 13.1 Maces & Flails
 - Level 2.6 Dodging
 - Level 2.6 Shields


You had 8 spell levels left.
You didn't know any spells.

Dungeon Overview and Level Annotations

Branches:
Dungeon (8/15)             Temple (1/1) D:7
   Lair: D:8-11

Altars:
Ashenzari
Cheibriados
Dithmenos
Elyvilon
Fedhas
Gozag
Kikubaaqudgha
Makhleb
Okawaru
Qazlal
Ru
Sif Muna
Trog
Vehumet
Xom
Yredelemnul
Zin
The Shining One

Shops:
D:5 *

Annotations:
D:4 Menkaure
D:8 Erica


Innate Abilities, Weirdness & Mutations

You are too large for most types of armour.
You have tough skin (AC +1).


Message History

You hit Erica.
Erica is moderately wounded.
You sock Erica!
Erica is heavily wounded.
You feel sick. Erica casts a spell at you. The bolt of poison misses you.
You hit Erica but do no damage.
Erica is heavily wounded.
Erica points at you and mumbles some strange words.
The bolt of poison hits you!
You are more poisoned.
* * * LOW HITPOINT WARNING * * *
You hit Erica but do no damage.
Erica is heavily wounded.
* * * LOW HITPOINT WARNING * * *
You feel sick. Erica gestures at you while chanting.
The orb of energy hits you!
You die...

#.#
#..##########
##. #.# #..# .
#.# #..####
#.###.....#
#..)))....#
########### ##
### ## #. #@#
..##.
##.##@##......
#....O........
#.........####
#.###.#.......
(.. #.>.######
### #####


You could see Erica (invisible) and an ogre.

Vanquished Creatures
  Maurice (D:8)
  2 hungry ghosts (D:7)
  2 orc warriors
  An ogre (D:6)
  A necrophage (D:8)
  2 centaurs
  2 giant frogs
  A big kobold (D:8)
  2 scorpions
  A crimson imp (D:5)
  A jelly (D:5)
  4 hounds
  Crazy Yiuf (D:4)
  2 giant frog skeletons
  6 orc priests
  Ijyb (D:3)
  An iguana (D:8)
  3 worker ants
  6 orc wizards
  Natasha (thrice) (D:2)
  2 hound skeletons
  A worker ant zombie (D:7)
  7 adders
  A shadow imp (D:6)
  An ooze (D:5)
  An adder zombie (D:7)
  An adder skeleton (D:6)
  3 worms
  13 orcs
  5 giant cockroaches
  10 goblins
  7 hobgoblins
  11 jackals
  4 bats
  7 giant geckos
  2 giant newts
  A jackal skeleton (D:6)
  11 kobolds
  4 quokkas
  2 quokka skeletons
  5 rats
142 creatures vanquished.

Notes
Turn   | Place    | Note
--------------------------------------------------------------
     0 | D:1      | Grim the Ogre Fighter began the quest for the Orb.
     0 | D:1      | Reached XP level 1. HP: 24/24 MP: 1/1
   107 | D:1      | Reached XP level 2. HP: 30/33 MP: 2/2
   872 | D:1      | Reached XP level 3. HP: 41/41 MP: 3/3
  1320 | D:2      | Reached skill level 5 in Fighting
  1426 | D:2      | Noticed Natasha
  1436 | D:2      | Killed Natasha
  1436 | D:2      | Reached XP level 4. HP: 34/50 MP: 4/4
  1582 | D:2      | Noticed Natasha
  1980 | D:2      | Killed Natasha
  2060 | D:2      | Noticed Natasha
  2071 | D:2      | Killed Natasha
  2102 | D:2      | Found a burning altar of Makhleb.
  2109 | D:2      | Reached skill level 5 in Maces & Flails
  2172 | D:3      | Reached XP level 5. HP: 58/58 MP: 5/5
  2264 | D:3      | Found an opulent altar of Gozag.
  2314 | D:3      | Found an ancient bone altar of Kikubaaqudgha.
  2803 | D:3      | Reached skill level 6 in Fighting
  2878 | D:3      | Noticed Ijyb
  2901 | D:3      | Killed Ijyb
  3190 | D:3      | Reached XP level 6. HP: 46/67 MP: 6/6
  3589 | D:4      | Noticed Crazy Yiuf
  3596 | D:4      | Paralysed by Crazy Yiuf for 4 turns
  3600 | D:4      | Killed Crazy Yiuf
  3770 | D:4      | Noticed Menkaure
  3800 | D:5      | Entered Level 5 of the Dungeon
  3811 | D:5      | HP: 2/68 [centaur (6)]
  3813 | D:5      | Reached skill level 7 in Maces & Flails
  4006 | D:5      | Reached XP level 7. HP: 76/76 MP: 7/7
  4120 | D:5      | Found a deep blue altar of Sif Muna.
  4403 | D:5      | Reached skill level 8 in Maces & Flails
  4896 | D:5      | Found Itesuo's Assorted Antiques.
  5353 | D:6      | Found a shimmering altar of Xom.
  5550 | D:6      | Found a stormy altar of Qazlal.
  5559 | D:6      | Reached skill level 9 in Maces & Flails
  5935 | D:7      | Found a white marble altar of Elyvilon.
  6026 | D:6      | Reached XP level 8. HP: 85/88 MP: 8/8
  6167 | D:7      | Reached skill level 10 in Maces & Flails
  6415 | D:7      | Found a staircase to the Ecumenical Temple.
  6429 | Temple   | Entered the Ecumenical Temple
  6540 | D:7      | Noticed a hungry ghost
  6557 | D:7      | Killed a hungry ghost
  6563 | D:7      | Found a shattered altar of Ashenzari.
  6640 | D:7      | Found a glowing golden altar of the Shining One.
  6667 | D:7      | Became a worshipper of the Shining One
  6744 | D:7      | Noticed a hungry ghost
  6767 | D:7      | Killed a hungry ghost
  6767 | D:7      | Reached skill level 11 in Maces & Flails
  6793 | D:7      | Found a basalt altar of Yredelemnul.
  7050 | D:8      | Noticed Maurice
  7062 | D:8      | Reached XP level 9. HP: 85/98 MP: 9/9
  7097 | D:8      | Killed Maurice
  7097 | D:8      | Reached skill level 12 in Maces & Flails
  7777 | D:8      | Acquired the Shining One's first power
  7781 | D:8      | Reached skill level 10 in Fighting
  7781 | D:8      | Reached skill level 13 in Maces & Flails
  7903 | D:8      | Noticed a catoblepas
  7916 | D:8      | Noticed Erica
  7928 | D:8      | Killed from afar by Erica

Vault maps used:
D:1:      lemuel_arrival_cross, nrook_mini_vaults
D:2:      makhleb_blood_cavern_becter, uniq_natasha
D:3:      overflow_temple_1_default, nicolae_overflow_crystal_walls,
          first_bread, uniq_iyjb
D:4:      serial_shops, nicolae_shop_statue_plus, uniq_crazy_yiuf_cottage,
          uniq_menkaure
D:5:      lemuel_doored_altar, serial_shops, shop
D:6:      grunt_qazlal_sundering, lemuel_coloured_pillars_altar, minivault_27,
          kennysheep_generic_room_12
D:7:      overflow_temple_1_default, nicolae_tso_carved_into_rock,
          ashenzari_conservatory_becter, yredelemnul_altar_generic,
          minmay_temple_entry_statues_fountains, st_stairs_7
D:8:      wad_crossroads, nicolae_overflow_hidden_temple, blue_anna_alchemist,
          uniq_erolcha, uniq_erica, uniq_maurice
Temple:   minmay_temple_bridge_b_8

Action                   |  1- 3 |  4- 6 |  7- 9 || total
-------------------------+-------+-------+-------++-------
Melee: Flail             |    93 |   240 |   346 ||   679
Evoke: Wand              |       |       |     7 ||     7
  Use: Scroll            |       |     9 |     9 ||    18
       Potion            |       |     6 |     3 ||     9
 Stab: Sleeping          |       |       |     1 ||     1
  Eat: Chunk             |     2 |     3 |    12 ||    17
       Bread ration      |       |     2 |     1 ||     3
       Meat ration       |       |       |     2 ||     2
